 Seeded DCSS version 0.28-a0-1159-g27aa881441 (webtiles) character file.

Game seed: 20211215 (custom seed)

6817 flotson the Tainted (level 10, -3/53 HPs)
             Began as a Demonspawn Gladiator on Dec 15, 2021.
             Was an Initiate of Yredelemnul.
             Slain by a bone dragon (12 damage)
             ... on level 3 of the Abyss.
             The game lasted 00:25:17 (12100 turns).

flotson the Tainted (Demonspawn Gladiator)         Turns: 12100, Time: 00:25:17

Health: -3/53      AC: 13    Str: 12 (14) XL:     10   Next: 77%
Magic:  11/11      EV: 10    Int:  9      God:    Yredelemnul [......]
Gold:   481        SH: 13    Dex: 14 (16) Spells: 9/9 levels left

rFire   . . .      SeeInvis .   a - +0 trident (venom)
rCold   x . .      Faith    .   L - +0 tower shield
rNeg    . . .      Spirit   .   K - +0 steam dragon scales
rPois   .          Reflect  .   c - +0 helmet
rElec   .          Harm     .   x - +0 cloak "Vepumit" {+Inv rC- Int+4 Dex+4}
rCorr   +          Rampage  .   e - +2 pair of gloves
Will    .....      Rnd*Tele +   (boots unavailable)
Stlth   +.........              (no amulet)
HPRegen 0.17/turn               w - +4 ring of protection
MPRegen 0.24/turn               S - ring of resist corrosion

@: unable to read
A: hooves 3, powered by pain 1, magic regeneration, sturdy frame 2, [clumsy 2],
[deformed body], [deterioration 2], [dopey 2], [frail 3], [low mp 3], [screaming
2], [teleportitis 2], [weak 2], [inability to read while threatened]
a: Renounce Religion, Evoke Invisibility, Recall Undead Harvest


You were on level 3 of the Abyss.
You worshipped Yredelemnul.
Yredelemnul was noncommittal.
You visited 1 branch of the dungeon, and saw 9 of its levels.
You visited the Abyss 1 time.

You collected 481 gold pieces.

Inventory:

Hand Weapons
 a - a +0 trident of venom (weapon)
 b - a +0 hunting sling
 d - a +0 scimitar of flaming
 n - a +0 war axe
Missiles
 m - 58 sling bullets
 t - 3 boomerangs of dispersal (quivered)
Armour
 c - a +0 helmet (worn)
 e - a +2 pair of gloves (worn)
 x - the +0 cloak "Vepumit" (worn) {+Inv rC- Int+4 Dex+4}
   (You found it on level 4 of the Dungeon)

   Int:       It affects your intelligence (+4).
   Dex:       It affects your dexterity (+4).
   rC:        It makes you vulnerable to cold.
   +Inv:      It lets you turn invisible.
 K - +0 steam dragon scales (worn)
 L - a +0 tower shield (worn)
Jewellery
 g - a ring of see invisible
 q - a ring of wizardry
 w - a +4 ring of protection (left hand)
 S - a ring of resist corrosion (right hand)
Wands
 E - a wand of polymorph (7)
 I - a wand of flame (17)
 J - a wand of iceblast (13)
 P - a wand of digging (8)
Scrolls
 h - 2 scrolls of identify
 p - a scroll of brand weapon {unknown}
 r - a scroll of noise {unknown}
 u - a scroll of magic mapping
 v - a scroll of enchant armour {unknown}
 y - a scroll of blinking {unknown}
 z - a scroll of amnesia {unknown}
 A - a scroll of vulnerability {unknown}
 C - a scroll of immolation {unknown}
 G - 2 scrolls of holy word
 N - 2 scrolls of acquirement
 O - a scroll of summoning {unknown}
Potions
 f - a potion of mutation {unknown}
 j - 3 potions of flight {unknown}
 l - 3 potions of degeneration
 o - 2 potions of magic {unknown}
 s - 3 potions of attraction
 B - 3 potions of lignification {unknown}
 D - 2 potions of brilliance {unknown}
 F - a potion of curing
 H - 2 potions of berserk rage {unknown}
 M - a potion of resistance {unknown}
 Q - a potion of cancellation {unknown}
 R - a potion of ambrosia {unknown}
Miscellaneous
 T - a piece from Xom's chessboard (15/15)


   Skills:
 + Level 6.9 Fighting
 + Level 3.7 Axes
 + Level 5.4(5.8) Slings
 - Level 2.7(4.4) Throwing
 + Level 5.9 Armour
 + Level 6.6 Dodging
 + Level 3.5 Shields
 + Level 7.9 Invocations
 + Level 5.8 Evocations


You had 9 spell levels left.
You didn't know any spells.
Your spell library contained the following spells:

 Spells                   Type           Power      Damage    Failure   Level
 Ignite Poison            Fire/Tmut/Pois 0%         N/A       100%        3
 Mephitic Cloud           Conj/Pois/Air  0%         N/A       100%        3
 Petrify                  Tmut/Erth      0%         N/A       100%        4
 Freezing Cloud           Conj/Ice/Air   0%         6-21      100%        5
 Metabolic Englaciation   Hex/Ice        0%         N/A       100%        5
 Statue Form              Tmut/Erth      0%         N/A       100%        6


Dungeon Overview and Level Annotations

Branches:
Dungeon (9/15)             Temple (0/1) D:7             Orc (0/2) D:9
   Lair: D:8-11

Altars:
Dithmenos
Fedhas
Okawaru
Yredelemnul

Annotations:
D:4 3 runed translucent doors, siradein's ghost, novice DrIE
D:9 Erolcha


Innate Abilities, Weirdness & Mutations

You have hooves in place of feet.
You sometimes gain a little power by taking damage.
You regenerate magic rapidly.
Your movements are less encumbered by armour. (ER -4)
[You are very clumsy. (Dex -4)]
[Armour fits poorly on your strangely shaped body.]
[Your body often deteriorates upon taking damage.]
[You are very dopey. (Int -4)]
[You are extremely frail. (-30% HP)]
[Your magical capacity is extremely low. (-30% MP)]
[You frequently scream uncontrollably at your foes.]
[You are sometimes teleported next to monsters.]
[You are very weak. (Str -4)]
[You sometimes lose the ability to read scrolls when taking damage.]


Message History

* * * LOW HITPOINT WARNING * * *
You are knocked back by the lance of force.
You slam into the rock wall!
The wretched star pulses with an eldritch light!
You feel the urge to shout.
You feel a strong urge to scream.
You feel stupid. x2
A starcursed mass comes into view.
The starcursed mass shrieks in your mind.
* * * LOW HITPOINT WARNING * * *
The wretched star pulses with an eldritch light!
Your body twists and deforms.
A starcursed mass splits.
The starcursed mass shrieks in your mind.
* * * LOW HITPOINT WARNING * * *
You feel a little less mighty now.
A bone dragon comes into view.
You scream at the bone dragon!
The wretched star pulses with an eldritch light!
You feel yourself wasting away.
You feel your body start to fall apart.
You feel frail. x2
The wretched star pulses with an eldritch light!
You feel weaker. x2
The wretched star pulses with an eldritch light!
You lose the ability to read scrolls when threatened.
You feel frail.
Okay, then.
Unknown command.
Found a fuming grey potion.
H - 2 fuming grey potions (gained 1)
The wretched star pulses with an eldritch light!
You feel clumsy. x2; You feel weirdly uncertain.
You feel even more weirdly uncertain.
A blink frog comes into view.
The wretched star pulses with an eldritch light!
You feel less energetic. x3
A chaos spawn comes into view.
The bone dragon bites you but does no damage.
You block the bone dragon's attack. The bone dragon tramples you!
You feel threatened and lose the ability to read scrolls!
You die...
Your body rises from the dead as a mindless zombie.

##.. # # .. #.#
... F. #.. ..#
##4 . ## #...###
..#... # .
..#....@##.....#
.#...#..##.D.#.#
..#.. #.##..#
##.. ..#....#
#...##.##.#.#...#
###.####*#.##.#..
#..#.....### ...
## .####..#.# ..#
#.*## #...### #..


You could see a bone dragon.

Vanquished Creatures
  Erica (D:9)
  Pikel (D:4)
  A cyclops (D:8)
  Maggie (D:6)
  Prince Ribbit (D:6)
  A vampire (D:7)
  5 yaks (D:7)
  A wyvern (D:9)
  A vampire mosquito (D:9)
  3 steam dragons
  Menkaure (D:5)
  A black bear (D:6)
  An ice beast (D:7)
  2 orc warriors (D:9)
  A sky beast (D:6)
  2 ogres
  2 centaurs
  2 lemures (D:4)
  A kobold brigand (D:8)
  5 bullfrogs
  A gnoll sergeant (D:9)
  2 scorpions (D:7)
  8 wights
  A centaur zombie (D:6)
  2 bullfrog zombies
  5 hounds
  A jelly (D:4)
  Crazy Yiuf (D:6)
  A centaur skeleton (D:4)
  2 bullfrog skeletons (D:6)
  2 orc priests
  2 iguanas (D:3)
  6 orc wizards
  A killer bee zombie (D:9)
  4 howler monkey zombies
  7 gnolls
  3 adders
  An adder skeleton (D:4)
  2 worms (D:2)
  5 dart slugs
  24 orcs
  12 endoplasms
  3 giant cockroaches
  5 goblins
  9 hobgoblins
  3 quokkas
  10 ball pythons
  4 bats
  2 frilled lizards (D:3)
  6 kobolds
  6 rats
175 creatures vanquished.

Vanquished Creatures (collateral kills)
  3 vampire mosquitoes (D:9)
  An ice beast (D:6)
  A bullfrog (D:6)
  A wight (D:8)
  A bullfrog zombie (D:7)
  An orc priest (D:9)
  2 adders (D:6)
  A gnoll (D:9)
  7 orcs
18 creatures vanquished.

Vanquished Creatures (others)
  3 vampire mosquito zombies (D:9)
  A cyclops zombie (D:8)
  A wyvern zombie (D:9)
  A sky beast zombie (D:6)
  A hound zombie (D:6)
  2 steam dragon zombies
  An adder zombie (D:6)
  8 orcs (D:9)
  A gnoll zombie (D:4)
  2 kobold zombies (D:8)
  11 orc zombies
  18 plants
  4 starspawn tentacles (Abyss:2)
54 creatures vanquished.

Grand Total: 247 creatures vanquished

Notes
Turn   | Place    | Note
-------+----------+-------------------------------------------
     0 | D:1      | flotson the Demonspawn Gladiator began the quest for the
                  | Orb.
     0 | D:1      | Reached XP level 1. HP: 16/16 MP: 1/1
   250 | D:1      | Gained mutation: You sometimes gain a little power by
                  | taking damage. [demonic ancestry]
   250 | D:1      | Reached XP level 2. HP: 17/22 MP: 2/2
   679 | D:1      | Reached skill level 1 in Armour
   832 | D:1      | Found a faded altar of an unknown god.
   959 | D:1      | Gained mutation: You regenerate magic rapidly. [demonic
                  | ancestry]
   959 | D:1      | Reached XP level 3. HP: 27/28 MP: 3/3
  2246 | D:3      | Gained mutation: You have large cloven feet. [demonic
                  | ancestry]
  2246 | D:3      | Reached XP level 4. HP: 27/34 MP: 4/4
  3136 | D:3      | Found a basalt altar of Yredelemnul.
  3341 | D:3      | Became a worshipper of Yredelemnul the Dark
  3378 | D:3      | Gained mutation: Your movements are slightly less
                  | encumbered by armour. (ER -2) [demonic ancestry]
  3378 | D:3      | Reached XP level 5. HP: 34/41 MP: 5/5
  3671 | D:4      | Reached skill level 1 in Invocations
  3683 | D:3      | Reached skill level 1 in Slings
  4033 | D:4      | Found an iron altar of Okawaru.
  4088 | D:4      | Identified the +0 cloak "Vepumit" {+Inv rC- Int+4 Dex+4}
  4161 | D:4      | Reached * piety under Yredelemnul
  4172 | D:4      | Gained mutation: You have hoof-like feet. [demonic
                  | ancestry]
  4172 | D:4      | Reached XP level 6. HP: 39/47 MP: 7/7
  4442 | D:4      | Found a runed translucent gate.
  4442 | D:4      | Found a runed translucent gate.
  4442 | D:4      | Found a runed translucent gate.
  4444 | D:4      | Noticed siradein's ghost (novice DrIE)
  4726 | D:5      | Entered Level 5 of the Dungeon
  4755 | D:4      | Reached skill level 2 in Invocations
  4786 | D:5      | Noticed Pikel
  4809 | D:4      | Killed Pikel
  4810 | D:4      | Reached skill level 3 in Invocations
  4810 | D:4      | Gained mutation: You have hooves in place of feet. [demonic
                  | ancestry]
  4810 | D:4      | Reached XP level 7. HP: 18/54 MP: 7/9
  5101 | D:5      | Noticed Menkaure
  5507 | D:5      | Killed Menkaure
  5802 | D:6      | Reached skill level 4 in Invocations
  5802 | D:6      | Reached XP level 8. HP: 44/61 MP: 9/11
  6032 | D:6      | Found a runed translucent door.
  6033 | D:6      | Noticed Crazy Yiuf
  6322 | D:6      | Noticed Maggie
  6337 | D:6      | Killed Maggie
  6338 | D:6      | Reached skill level 5 in Fighting
  6338 | D:6      | Reached skill level 5 in Dodging
  6338 | D:6      | Reached skill level 5 in Invocations
  6446 | D:6      | Reached ** piety under Yredelemnul
  6597 | D:6      | Noticed Prince Ribbit
  6617 | D:6      | Killed Prince Ribbit
  6617 | D:6      | Reached *** piety under Yredelemnul
  6618 | D:6      | Reached XP level 9. HP: 25/68 MP: 13/13
  7109 | D:6      | Killed Crazy Yiuf
  7403 | D:7      | Found a blossoming altar of Fedhas.
  7413 | D:7      | Reached skill level 6 in Invocations
  7482 | D:7      | Reached skill level 1 in Shields
  7867 | D:7      | Found a staircase to the Ecumenical Temple.
  8449 | D:7      | Reached skill level 5 in Armour
  8749 | D:8      | Reached skill level 5 in Evocations
  8816 | D:8      | Noticed a cyclops
  8823 | D:8      | Gained mutation: Your movements are less encumbered by
                  | armour. (ER -4) [demonic ancestry]
  8823 | D:8      | Reached XP level 10. HP: 76/76 MP: 15/15
  8830 | D:8      | Killed a cyclops
  8831 | D:8      | Reached skill level 7 in Invocations
  9024 | D:8      | Found a shadowy altar of Dithmenos.
  9777 | D:7      | Reached skill level 5 in Slings
 10390 | D:9      | Noticed Erica
 10405 | D:9      | Killed Erica
 10711 | D:9      | Found a staircase to the Orcish Mines.
 10985 | D:9      | Noticed a two-headed ogre
 11059 | D:9      | Identified 2 scrolls of acquirement
 11902 | D:9      | Noticed Erolcha
 11902 | D:9      | Cast into level 2 of the Abyss (Erolcha)
 11902 | Abyss:2  | Found a radiant altar of Vehumet.
 11905 | Abyss:2  | Found a corrupted altar of Lugonu.
 11939 | Abyss:2  | Noticed a large abomination
 11954 | Abyss:2  | Noticed a tentacled starspawn
 12058 | Abyss:3  | Noticed a wretched star
 12067 | Abyss:3  | Noticed a starcursed mass
 12069 | Abyss:3  | HP: 3/77 [starcursed mass/accursed screaming (4)]
 12071 | Abyss:3  | Noticed a bone dragon
 12100 | Abyss:3  | Slain by a bone dragon

Illustrated notes

Levels and vault maps discovered:
D:1:      zelgadis_glass_arrival_small, layout_basic,
          hellmonk_ecumenical_altar_heavens_door, minmay_split_cup_large
D:2:      layout_rooms
D:3:      minmay_skewed_foursquare, layout_basic, yredelemnul_altar_generic,
          mrwooster_statue_mirror, minmay_misc_feat_iff, serial_bayou_pond_b
D:4:      layout_basic, okawaru_gym_becter, gammafunk_ghost_nasty_kobolds
D:5:      lemuel_ice_spiral_2, layout_rooms, chequers_serial_rivers_marsh,
          uniq_menkaure, uniq_pikel
D:6:      layout_loops_corners, uniq_prince_ribbit1, uniq_crazy_yiuf_cottage,
          uniq_maggie
D:7:      layout_basic, fedhas_bush_and_centaur_altar, minmay_temple_entry_wispy
D:8:      layout_gridville, nicolae_dithmenos_through_a_glass_darkly
D:9:      layout_loops_ring, hiddenorc2_lemuel, hangedman_ranch, uniq_erica,
          uniq_erolcha
Abyss:3:  base:
D:4

Skill      XL: |  1  2  3  4  5  6  7  8  9 10 |
---------------+-------------------------------+-----
Throwing       | 2 |  2.7
Armour         | 1 2 3 4 5 |  5.9
Dodging        | 3 4 5 6 |  6.6
Fighting       | 3 4 5 6 |  6.9
Invocations    | 1 3 4 5 6 7 |  7.9
Slings         | 1 2 3 4 5 |  5.4
Evocations     | 2 4 5 |  5.8
Shields        | 2 3 |  3.5
Axes           | 3 |  3.7

Action                   |  1- 3 |  4- 6 |  7- 9 | 10-12 || total
-------------------------+-------+-------+-------+-------++-------
Melee: War axe           |    96 |       |       |       ||    96
       Quarterstaff      |    37 |   110 |    15 |       ||   162
       Kick              |       |    14 |    63 |    74 ||   151
       Halberd           |       |       |    67 |       ||    67
       Trident           |       |       |    82 |   216 ||   298
 Fire: Hunting sling     |       |    70 |    53 |    23 ||   146
Throw: Throwing net      |       |     2 |     2 |     1 ||     5
Invok: Recall Undead Har |       |     1 |       |     2 ||     3
Evoke: Wand              |       |       |     4 |     1 ||     5
  Use: Potion            |       |       |       |     9 ||     9
       Scroll            |       |       |       |     6 ||     6
 Stab: Held in net/web   |       |     2 |     1 |     1 ||     4
       Sleeping          |       |       |     2 |       ||     2
       Distracted        |       |       |     1 |     2 ||     3
Armor: Leather armour    |    15 |       |       |       ||    15
       Scale mail        |    53 |    80 |    42 |       ||   175
       Steam dragon scal |       |       |    56 |    88 ||   144
Dodge: Dodged            |    92 |    94 |   117 |   113 ||   416
Block: Tower shield      |       |       |    97 |   201 ||   298

Table legend: (Time is in decaauts)
 A = Elapsed time spent in this place.
 B = Non-inter-level travel time spent in this place.
 C = Inter-level travel time spent in this place.
 D = Time resting spent in this place.
 E = Time spent auto-exploring this place.
 F = Levels seen in this place.
 G = Mean time per level.
                   A        B        C        D        E       F      G
               +--------+--------+--------+--------+--------+-----+--------+
         Total |  12465 |  11967 |    498 |    542 |   9033 |  11 | 1133.2 |
       Dungeon |  12262 |  11764 |    498 |    542 |   8943 |   9 | 1362.4 |
         Abyss |    202 |    202 |      0 |      0 |     90 |   2 |  101.0 |
               +--------+--------+--------+--------+--------+-----+--------+

Top non-repeatable levels by time:
     D:8: 1692 daAuts
     D:9: 1642 daAuts
     D:3: 1612 daAuts
     D:4: 1540 daAuts
     D:7: 1534 daAuts
     D:6: 1509 daAuts
     D:1: 1330 daAuts
     D:2: 785 daAuts
     D:5: 614 daAuts
 Abyss:3: 104 daAuts
 Abyss:2: 98 daAuts
